 Dungeon Crawl Stone Soup version 0.30.0-29-ga12c61a403 (webtiles) character file.

Game seed: 16769390818479365396

8631 Graphine the Geomancer (level 11, -1/67 HPs)
             Began as a Gargoyle Earth Elementalist on June 22, 2023.
             Was an Initiate of Gozag.
             Slain by an orc warlord
             ... wielding a +0 halberd
              (18 damage)
             ... on level 1 of the Orcish Mines.
             The game lasted 00:19:25 (11258 turns).

Graphine the Geomancer (GrEE)                      Turns: 11258, Time: 00:19:26

Health: -1/67      AC: 21    Str: 17    XL:     11   Next: 33%
Magic:  14/21      EV: 11    Int: 18    God:    Gozag
Gold:   535        SH: 12    Dex:  9    Spells: 13/23 levels left

rFire   + + .        B - +4 dagger (chaos)
rCold   . . .        u - +2 buckler {AC+3}
rNeg    + . .        o - +0 ring mail
rPois   ∞            H - +0 helmet
rElec   +            s - +0 cloak
rCorr   .            (no gloves)
SInv    +            m - +0 pair of boots
Will    .....        q - amulet of reflection
Stlth   +            x - ring of protection from fire
HPRegen 0.31/turn    D - ring of see invisible
MPRegen 0.17/turn

%: reflection, clarity
@: no status effects
A: sickness immunity, AC +8, negative energy resistance 1, electricity
resistance, torment resistance 1, petrification resistance, clarity,
deterioration 1, fire resistance 1, strong 1
a: Renounce Religion, Potion Petition, Call Merchant, Bribe Branch


You were on level 1 of the Orcish Mines.
You worshipped Gozag.
Gozag was pleased with you.
You visited 3 branches of the dungeon, and saw 12 of its levels.

You collected 828 gold pieces.
You spent 180 gold pieces at shops.
You paid 113 gold pieces to Gozag.

Inventory:

Hand Weapons
 b - a +2 dagger of draining
 c - a +2 short sword of protection
 B - a +4 dagger of chaos (weapon)
Missiles
 E - 2 throwing nets
Armour
 m - a +0 pair of boots (worn)
 o - a +0 ring mail (worn)
 s - a +0 cloak (worn)
 u - a +2 buckler of protection (worn)
 H - a +0 helmet (worn)
 I - the scarf "Tiruw" {+Inv, *Slow +Blink rCorr Str+4 Int+2}
   (You found it on level 10 of the Dungeon)

   Str:       It affects your strength (+4).
   Int:       It affects your intelligence (+2).
   +Blink:    It lets you blink.
   rCorr:     It protects you from acid and corrosion.
   *Slow:     It may slow you when you take damage.
Jewellery
 q - an amulet of reflection (around neck)
 t - a ring of protection from fire
 x - a ring of protection from fire (left hand)
 D - a ring of see invisible (right hand)
Wands
 p - a wand of roots (10)
 w - a wand of digging (1)
 C - a wand of flame (7)
Scrolls
 a - a scroll of magic mapping
 h - 2 scrolls of teleportation
 l - a scroll of fog
 r - 2 scrolls of noise
 F - 2 scrolls of vulnerability
 G - a scroll of fear
Potions
 d - a potion of heal wounds
 e - 3 potions of resistance
 f - 9 potions of curing
 g - 4 potions of degeneration
 i - 3 potions of attraction
 j - 5 potions of brilliance
 k - 2 potions of berserk rage
 z - a potion of invisibility
 A - 2 potions of lignification
 J - a potion of haste {unknown}
Miscellaneous
 y - a phial of floods


   Skills:
 + Level 7.5 Fighting
 + Level 7.5 Armour
 - Level 3.0 Dodging
 - Level 2.1 Stealth
 + Level 7.4 Shields
 + Level 6.7 Spellcasting
 - Level 0.7 Transmutations
 * Level 12.3 Earth Magic


You had 13 spell levels left.
You knew the following spells:

 Your Spells              Type           Power      Damage    Failure   Level
a - Sandblast             Erth           100%       2d20      1%          1
b - Passwall              Tmut/Erth      24%        N/A       2%          2
c - Stone Arrow           Conj/Erth      56%        3d10      5%          3
d - Petrify               Tmut/Erth      29%        N/A       16%         4

Your spell library contained the following spells:

 Spells                   Type           Power      Damage    Failure   Level
 Beastly Appendage        Tmut           16%        N/A       17%         1
 Apportation              Tloc           12%        N/A       22%         1
 Foxfire                  Conj/Fire      24%        2x1d5     22%         1
 Necrotise                Necr           24%        1d5       22%         1
 Summon Small Mammal      Summ           24%        N/A       22%         1
 Wereblood                Tmut           8%         N/A       26%         2
 Spider Form              Tmut/Pois      7%         N/A       52%         3
 Fireball                 Conj/Fire      3%         3d4       99%         5
 Irradiate                Conj/Tmut      3%         3d12      99%         5
 Plasma Beam              Fire/Air       3%         2x1d14    100%        6
 Starburst                Conj/Fire      3%         6d3       100%        6
 Sublimation of Blood     Necr           Unusable   N/A       N/A         2

Dungeon Overview and Level Annotations

Branches:
Dungeon (10/15)            Temple (1/1) D:7             Orc (1/2) D:10
   Lair: D:8-11

Altars:
Ashenzari
Cheibriados
Dithmenos
Elyvilon
Fedhas
Gozag
Hepliaklqana
Kikubaaqudgha
Makhleb
Nemelex Xobeh
Okawaru
Qazlal
Ru
Sif Muna
Trog
Uskayaw
Vehumet
Wu Jian
Xom
Yredelemnul
Zin
The Shining One

Shops:
D:2 [


Innate Abilities, Weirdness & Mutations

You are immune to sickness and miasma.
Your stone body is resilient. (AC +8)
You are immune to poison.
You resist negative energy. (rN+)
You are resistant to electric shocks. (rElec)
You are resistant to unholy torment.
You are immune to petrification.
You possess an exceptional clarity of mind.
Your body sometimes deteriorates upon taking damage.
Your flesh is heat resistant. (rF+)
Your muscles are strong. (Str +4, Int/Dex -1)


Message History

An orc warlord comes into view. It is wielding a +0 halberd.
The orc warlord shouts!
You hear a shout!
The orc warlord roars a battlecry!
The blast of sand hits the orc warlord but does no damage.
An orc priest comes into view. It is wielding a +0 short sword.
The blast of sand hits the orc warlord but does no damage.
An orc comes into view. It is wielding a +0 dagger.
The orc warlord hits you from afar with a +0 halberd!
An orc comes into view. It is wielding a +0 dagger.
The blast of sand hits the orc warlord.
The orc warlord is lightly wounded.
The orc shouts! x2
You block the orc warlord's attack.
An orc warrior comes into view. It is wielding a +0 short sword.
The blast of sand hits the orc warlord but does no damage.
The orc warlord is lightly wounded.
The orc warrior shouts!
The orc warlord closely misses you.
The orc priest calls upon Beogh to heal the orc warlord.
The orc warlord's wounds heal themselves!
The orc warlord hits you from afar with a +0 halberd!
An orc warrior comes into view. It is wielding a +0 war axe.
The blast of sand hits the orc warlord but does no damage.
The orc priest calls down the wrath of Beogh upon you.
Beogh smites you!
You are too injured to fight recklessly!
Unknown command.
You are too injured to fight recklessly!
You are too injured to fight recklessly!
Casting: Sandblast (safe; 1% risk of failure)
Confirm with . or Enter, or press ? or * to list all spells.
Aiming: Sandblast (safe; 1% risk of failure)
Press: ? - help, Shift-Dir - straight line, f/p - orc warlord
Aim: an orc warlord, wielding a +0 halberd and wearing a +0 plate armour (91% to hit)
The blast of sand hits the orc warlord but does no damage.
The orc warlord hits you from afar with a +0 halberd!
* * * LOW HITPOINT WARNING * * *
The orc warlord hits you from afar with a +0 halberd!!
You die...
Your body crumbles into a pile of gold.

## $ $.#..
###################oo....
................@.ooo....
#####################o...
. $


You could see an orc warlord, 2 orc warriors, an orc priest (strong) and 2 orcs.

Vanquished Creatures
  A two-headed ogre (D:10)
  A deep elf pyromancer (D:10)
  An orc knight (Orc:1)
  A cyclops (D:10)
  Maurice (Orc:1)
  A yaktaur (D:10)
  2 kobold demonologists (D:9)
  Psyche (D:8)
  2 trolls
  A hornet (D:9)
  2 wyverns (D:10)
  A wraith (D:9)
  A steam dragon (D:7)
  A basilisk (D:10)
  Eustachio (D:5)
  An acid dragon (D:6)
  A water moccasin (D:6)
  8 orc warriors
  A black bear (D:7)
  2 ogres
  2 ice beasts (D:6)
  A centaur (D:8)
  A phantom (D:4)
  Blork the orc (D:6)
  4 kobold brigands
  2 bullfrogs
  2 gnoll sergeants
  3 scorpions
  5 wights (D:8)
  3 killer bees (D:7)
  4 howler monkeys
  2 hounds
  2 gnoll boudas
  A jelly (D:7)
  Crazy Yiuf (D:5)
  3 orc priests (D:6)
  2 sleepcaps
  3 iguanas
  5 orc wizards
  15 gnolls
  7 adders
  A shadow imp (D:5)
  2 white imps (D:6)
  An ufetubus (D:4)
  2 worms (D:3)
  5 dart slugs
  26 orcs
  7 endoplasms
  2 giant cockroaches
  10 goblins
  3 hobgoblins
  11 jackals
  17 kobolds
  A quokka (D:1)
  5 ball pythons
  6 bats
  3 frilled lizards
  3 rats
205 creatures vanquished.

Vanquished Creatures (collateral kills)
  2 orc warriors (Orc:1)
  An ogre (Orc:1)
3 creatures vanquished.

Grand Total: 208 creatures vanquished

Notes
Turn   | Place    | Note
-------+----------+-------------------------------------------
     0 | D:1      | Graphine the Gargoyle Earth Elementalist began the quest
                  | for the Orb.
     0 | D:1      | Reached XP level 1. HP: 10/10 MP: 3/3
    74 | D:1      | Found a faded altar of an unknown god.
    76 | D:1      | Reached XP level 2. HP: 16/16 MP: 0/5
   558 | D:1      | Reached skill level 4 in Earth Magic
   644 | D:1      | Reached skill level 1 in Armour
   718 | D:1      | Reached XP level 3. HP: 20/20 MP: 3/6
   976 | D:2      | Found Qasmo's Antique Armour Boutique.
  1046 | D:2      | Reached skill level 1 in Fighting
  1085 | D:2      | Reached skill level 1 in Shields
  1125 | D:2      | Learned a level 2 spell: Passwall
  1129 | D:2      | Learned a level 3 spell: Stone Arrow
  1302 | D:2      | Reached XP level 4. HP: 20/25 MP: 3/7
  1651 | D:2      | Gained mutation: You are weak. (Str -2) [potion of
                  | mutation]
  1651 | D:2      | Gained mutation: You have sharp toenails. [potion of
                  | mutation]
  1651 | D:2      | Gained mutation: Your spells are a little easier to cast,
                  | but a little less powerful. [potion of mutation]
  1652 | D:2      | Lost mutation: You are weak. (Str -2) [potion of mutation]
  1652 | D:2      | Lost mutation: Your spells are a little easier to cast, but
                  | a little less powerful. [potion of mutation]
  1652 | D:2      | Lost mutation: You have sharp toenails. [potion of
                  | mutation]
  1652 | D:2      | Gained mutation: You are frail. (-10% HP) [potion of
                  | mutation]
  1653 | D:2      | Lost mutation: You are frail. (-10% HP) [potion of
                  | mutation]
  1653 | D:2      | Gained mutation: Your flesh is heat resistant. (rF+)
                  | [potion of mutation]
  1653 | D:2      | Gained mutation: Your body sometimes deteriorates upon
                  | taking damage. [potion of mutation]
  1653 | D:2      | Gained mutation: You possess an exceptional clarity of
                  | mind. [potion of mutation]
  1653 | D:2      | Gained mutation: Your muscles are strong. (Str +4, Int/Dex
                  | -1) [potion of mutation]
  2506 | D:3      | Found a broken altar of Ashenzari.
  2510 | D:3      | Found an ancient bone altar of Kikubaaqudgha.
  2514 | D:3      | Found a white marble altar of Elyvilon.
  2748 | D:4      | Found a glowing golden altar of the Shining One.
  2760 | D:4      | Reached XP level 5. HP: 24/30 MP: 0/8
  2809 | D:4      | Noticed an ogre
  2816 | D:4      | Killed an ogre
  2817 | D:4      | Reached skill level 5 in Earth Magic
  2817 | D:4      | Reached XP level 6. HP: 10/35 MP: 0/10
  3518 | D:4      | Found a radiant altar of Vehumet.
  3804 | D:5      | Entered Level 5 of the Dungeon
  3848 | D:5      | Found a faded altar of an unknown god.
  4020 | D:2      | Bought a runed buckler for 180 gold pieces
  4151 | D:5      | Noticed Eustachio
  4159 | D:5      | Killed Eustachio
  4160 | D:5      | Reached skill level 6 in Earth Magic
  4160 | D:5      | Reached XP level 7. HP: 40/40 MP: 5/11
  4480 | D:5      | Found a runed translucent door.
  4481 | D:5      | Noticed Crazy Yiuf
  4489 | D:5      | Killed Crazy Yiuf
  4560 | D:5      | Found a snail-covered altar of Cheibriados.
  5021 | D:6      | Reached XP level 8. HP: 10/46 MP: 1/13
  5038 | D:6      | Reached skill level 7 in Earth Magic
  5233 | D:6      | Noticed a troll
  5241 | D:6      | Killed a troll
  5464 | D:6      | Reached skill level 8 in Earth Magic
  5543 | D:6      | Noticed Blork the orc
  5552 | D:6      | Killed Blork the orc
  5553 | D:6      | Reached XP level 9. HP: 51/52 MP: 8/15
  5717 | D:6      | Noticed a gargoyle
  6216 | D:6      | Reached skill level 5 in Armour
  6622 | D:7      | Reached skill level 5 in Fighting
  6622 | D:7      | Reached skill level 9 in Earth Magic
  6626 | D:7      | Reached skill level 5 in Shields
  6857 | D:7      | Found a staircase to the Ecumenical Temple.
  6870 | Temple   | Entered the Ecumenical Temple
  7537 | D:7      | Reached skill level 5 in Spellcasting
  7918 | D:8      | Noticed Psyche
  7922 | D:8      | Killed Psyche
  7950 | D:8      | Found a sparkling altar of Nemelex Xobeh.
  8257 | D:8      | Reached skill level 10 in Earth Magic
  8257 | D:8      | Reached XP level 10. HP: 60/60 MP: 14/18
  8532 | D:8      | Found an opulent altar of Gozag.
  8572 | D:8      | Became a worshipper of Gozag Ym Sagoz the Greedy
  8957 | D:9      | Noticed a kobold demonologist
  8959 | D:9      | Noticed a kobold demonologist
  8963 | D:9      | Killed a kobold demonologist
  8969 | D:9      | Killed a kobold demonologist
  9358 | D:9      | Found a stormy altar of Qazlal.
  9719 | D:10     | Entered Level 10 of the Dungeon
  9720 | D:10     | Noticed a two-headed ogre
  9731 | D:10     | Killed a two-headed ogre
  9732 | D:10     | Reached skill level 11 in Earth Magic
  9964 | D:9      | Learned a level 4 spell: Petrify
  9985 | D:10     | Found a staircase to the Orcish Mines.
 10022 | D:10     | Found a shimmering blue altar of Sif Muna.
 10070 | D:10     | Noticed a cyclops
 10074 | D:10     | Noticed a deep elf pyromancer
 10084 | D:10     | Killed a cyclops
 10091 | D:10     | Killed a deep elf pyromancer
 10092 | D:10     | Reached XP level 11. HP: 27/67 MP: 3/20
 10392 | D:10     | Identified the scarf "Tiruw" {+Inv, *Slow +Blink rCorr
                  | Str+4 Int+2}
 10875 | Orc:1    | Entered Level 1 of the Orcish Mines
 10875 | Orc:1    | Noticed an orc knight
 10884 | Orc:1    | Reached skill level 12 in Earth Magic
 10922 | Orc:1    | Killed an orc knight
 11186 | Orc:1    | Noticed Maurice
 11196 | Orc:1    | Killed Maurice
 11248 | Orc:1    | Noticed an orc warlord
 11258 | Orc:1    | Slain by an orc warlord

Illustrated notes

Levels and vault maps discovered:
D:1:      lemuel_arrival_tunnels, layout_loops_ring,
          ebering_ecumenical_altar_sacrificial, chequers_serial_rivers_micro_d
D:2:      layout_rooms, serial_shops, nicolae_shop_pleasant_corner_grove
D:3:      wad_pebble_path, layout_basic, grunt_temple_overflow_diamond
D:4:      layout_loops_ring, lemuel_tele_altar, mainiacjoe_overflow_alcove_4,
          nrook_mini_vaults
D:5:      layout_cave_pools, chei_slow_surprise, serial_column_ruins,
          column_ruins_temple_hall, column_ruins_hut,
          column_ruins_corridor_corner, column_ruins_corridor_corner,
          column_ruins_corridor_corner, column_ruins_grid_1, uniq_eustachio,
          uniq_crazy_yiuf_cottage
D:6:      layout_loops_ring, uniq_blork_the_orc
D:7:      layout_basic, minmay_temple_entry_water_ring,
          nicolae_ossuary_entry_monument, minmay_misc_feat_rows
D:8:      layout_basic, mainiacjoe_overflow_small_starburst,
          nicolae_gozag_seed_capital, uniq_psyche
D:9:      layout_loops_corners, nicolae_qazlal_style_of_elements
D:10:     layout_roguey, nicolae_overflow_hidden_temple, orc_0_dummy,
          grunt_decor_resistance, minmay_radiant
Temple:   minmay_temple_forest_path
Orc:1:    layout_caves, serial_shops, nicolae_shop_just_a_little_nook,
          nicolae_shop_firing_range, uniq_maurice

Skill      XL: |  1  2  3  4  5  6  7  8  9 10 11 |
---------------+----------------------------------+-----
Earth Magic    | 4 5 6 8 10 11 12 | 12.3
Armour         | 1 2 3 4 5 7 |  7.5
Fighting       | 1 2 3 4 5 7 |  7.5
Shields        | 1 2 3 4 5 7 |  7.4
Dodging        | 2 3 |  3.0
Spellcasting   | 3 4 5 6 |  6.7
Stealth        | |  2.1
Transmutations | |  0.7

Action                     |  1- 3 |  4- 6 |  7- 9 | 10-12 || total
---------------------------+-------+-------+-------+-------++-------
  Melee: Short sword       |     7 |    24 |    19 |       ||    50
         Unarmed           |     1 |       |       |       ||     1
         Dagger            |       |       |       |     4 ||     4
   Cast: Sandblast         |    44 |    96 |   222 |   141 ||   503
  Evoke: Wand              |       |       |       |     4 ||     4
    Use: Scroll            |     1 |     9 |     9 |     8 ||    27
         Potion            |       |     3 |     1 |     2 ||     6
 Armour: Robe              |     9 |     3 |       |       ||    12
         Ring mail         |       |    45 |    71 |    41 ||   157
  Dodge: Dodged            |    18 |    48 |    60 |    53 ||   179
  Block: Buckler           |       |     1 |    90 |    70 ||   161
         Reflection        |       |       |     4 |     2 ||     6
